 Dungeon Crawl Stone Soup version 0.32-a0-17-gb74e046682 (webtiles) character file.

Game seed: 15579588953985917746

539 jasper the Sneak (level 7, 0/35 HPs)
             Began as a Spriggan Earth Elementalist on Jan 15, 2024.
             Slain by an orc warrior
             ... wielding a +0 long sword
              (6 damage)
             ... on level 5 of the Dungeon.
             The game lasted 00:04:41 (3911 turns).

jasper the Sneak (Spriggan Earth Elementalist)      Turns: 3911, Time: 00:04:42

Health: 0/35       AC:  5    Str:  4    XL:     7   Next: 5%
Magic:  11/12      EV: 16    Int: 19    God:
Gold:   363        SH:  4    Dex: 15    Spells: 2/11 levels left

rFire   . . .        d - +0 flail
rCold   . . .        t - +0 buckler {AC+3}
rNeg    . . .        a - +0 robe
rPois   .            (helmet restricted)
rElec   .            (no cloak)
rCorr   .            (gloves unavailable)
SInv    +            (boots unavailable)
Will    +....        l - amulet of magic regeneration
Stlth   ++++         j - ring of wizardry
HPRegen 0.25/turn    (no ring)
MPRegen 0.53/turn

%: wizardry (x1)
@: very quick
A: very small, no large weapons, unfitting armour, see invisible, speed 3
a: no special abilities


You were on level 5 of the Dungeon.
You visited 1 branch of the dungeon, and saw 5 of its levels.

You collected 363 gold pieces.

Inventory:

Hand Weapons
 d - a +0 flail (weapon)
 C - a +0 trident
Missiles
 h - 10 poisoned darts
 n - 6 curare-tipped darts
 s - 2 datura-tipped darts
Armour
 a - a +0 robe (worn)
 t - a +0 buckler of protection (worn)
Magical Staves
 o - a staff of death
Jewellery
 j - a ring of wizardry (left hand)
 l - an amulet of magic regeneration (around neck)
 r - an amulet of reflection
Wands
 y - a wand of charming (6)
Scrolls
 c - 2 scrolls of vulnerability {unknown}
 f - 4 scrolls of identify {unknown}
 g - a scroll of brand weapon {unknown}
 i - 7 scrolls of teleportation {unknown}
 p - 2 scrolls of acquirement {unknown}
 q - a scroll of fear {unknown}
 w - a scroll of blinking {unknown}
 x - a scroll of fog {unknown}
 B - a scroll of immolation {unknown}
Potions
 b - a potion of magic
 e - 3 potions of haste {unknown}
 k - a potion of attraction {unknown}
 m - a potion of curing {unknown}
 u - a potion of degeneration {unknown}
 v - a potion of mutation {unknown}
 z - a potion of cancellation {unknown}
 A - a potion of invisibility {unknown}


   Skills:
 + Level 2.1 Fighting
 - Level 2.6 Dodging
 - Level 7.8 Stealth
 + Level 1.8 Shields
 - Level 2.6 Spellcasting
 - Level 0.6 Conjurations
 * Level 4.6 Earth Magic


You had 2 spell levels left.
You knew the following spells:

 Your Spells              Type           Power      Damage    Failure   Level
a - Sandblast             Erth           40%        2d10      1%          1
b - Passwall              Erth           20%        N/A       5%          3
c - Stone Arrow           Conj/Erth      24%        3d8       12%         3
d - Sublimation of Blood  Necr           2%         N/A       17%         2

Your spell library contained the following spells:

 Spells                   Type           Power      Damage    Failure   Level
 Foxfire                  Conj/Fire      12%        2x1d4     11%         1
 Necrotise                Necr           8%         1d4       12%         1
 Slow                     Hex            8%         N/A       12%         1
 Confusing Touch          Hex            2%         N/A       32%         3
 Sigil of Binding         Hex            2%         N/A       32%         3
 Vampiric Draining        Necr           2%         2d6       32%         3
 Brom's Barrelling Bould  Conj/Erth      12%        2d4       38%         4
 Petrify                  Alch/Erth      11%        N/A       41%         4
 Fulminant Prism          Conj/Alch      1%         3d5       69%         4
 Martyr's Knell           Necr/Summ      2%         N/A       71%         4
 Sticky Flame             Fire/Alch      2%         2d4       71%         4
 Irradiate                Conj/Alch      1%         3d12      95%         5
 Curse of Agony           Necr           2%         N/A       96%         5
 Starburst                Conj/Fire      1%         6d3       100%        6


Dungeon Overview and Level Annotations

Branches:
Dungeon (5/15)
 Temple: D:4-7

Altars:
Elyvilon


Innate Abilities, Weirdness & Mutations

You are very small and have problems with some larger weapons.
You are too small for most types of armour.
You have supernaturally acute eyesight. (SInv)
You cover ground extremely quickly. (Speed+++)


Message History

There is a stone staircase leading down here.
You start resting.
HP restored.
Health restored: 35
Okay, then.
You climb downwards.
The orc warrior shoots an arrow.
The arrow hits you!
The orc warrior shoots an arrow.
The arrow hits you!
There is a stone staircase leading up, spattered with blood here.
You take 19 damage, and have 16/35 hp.
MASSIVE DAMAGE!!
Aiming: Sandblast (safe; 1% risk of failure)
Press: ? - help, Q - select action, (/) - cycle Shift-Dir - straight line, f - orc warrior
Aim: an orc warrior, wielding a +0 orcbow and wearing a +0 chain mail (lightly wounded, 81% to hit)
The blast of sand hits the orc warrior.
The orc warrior is lightly wounded.
The orc warrior unwields a +0 orcbow.
The orc warrior wields a +0 long sword.
The orc warrior barely misses you. The orc warrior misses you.
Aiming: Sandblast (safe; 1% risk of failure)
Press: ? - help, Q - select action, (/) - cycle Shift-Dir - straight line, f/p - orc warrior
Aim: an orc warrior, wielding a +0 long sword and wearing a +0 chain mail (lightly wounded, 81% to hit)
The blast of sand misses the orc warrior.
The blast of sand hits the orc!
You kill the orc!
The orc warrior misses you.
You now have 11/12 mp.
Aiming: Sandblast (safe; 1% risk of failure)
Press: ? - help, Q - select action, (/) - cycle Shift-Dir - straight line, f/p - orc warrior
Aim: an orc warrior, wielding a +0 long sword and wearing a +0 chain mail (lightly wounded, 81% to hit)
The blast of sand hits the orc warrior!
The orc warrior is heavily wounded.
The orc warrior hits you with a +0 long sword!
* * * LOW HITPOINT WARNING * * *
The orc warrior barely misses you.
You take 11 damage, and have 6/35 hp.
MASSIVE DAMAGE!!
Aiming: Sandblast (safe; 1% risk of failure)
Press: ? - help, Q - select action, (/) - cycle Shift-Dir - straight line, f/p - orc warrior
Aim: an orc warrior, wielding a +0 long sword and wearing a +0 chain mail (heavily wounded, 81% to hit)
The blast of sand hits the orc warrior but does no damage.
The orc warrior is heavily wounded.
The orc warrior hits you with a +0 long sword.
You die...

.. #.#### .# #.#..
.# #.#.# .# #.#<#
.# #.#@# o#
###.##.#o## .# ###
....##..).##.# #..
..#.........)# #.#
#.#.##....#### #.#
#.#.##.#.## #.####
#.#.##.#.# .....##
#.#.##.#.#
#.#...###.#.##.#.#


You could see an orc warrior.

Vanquished Creatures
  A phantom (D:4)
  2 scorpions (D:4)
  4 bombardier beetles
  2 hounds (D:4)
  Ijyb (D:4)
  4 adders
  4 dart slugs
  3 orcs
  A ball python (D:3)
  4 endoplasms
  3 giant cockroaches
  5 goblins
  10 hobgoblins
  10 jackals
  5 kobolds
  3 quokkas
  6 bats
  4 frilled lizards
  7 rats
79 creatures vanquished.

Notes
Turn   | Place    | Note
-------+----------+-------------------------------------------
     0 | D:1      | jasper the Spriggan Earth Elementalist began the quest for
                  | the Orb.
     0 | D:1      | Reached XP level 1. HP: 9/9 MP: 5/5
   139 | D:1      | Reached skill level 4 in Stealth
   205 | D:1      | Reached XP level 2. HP: 13/13 MP: 2/6
   484 | D:1      | Reached skill level 5 in Stealth
  1128 | D:1      | You fall into a shaft and drop 1 floor!
  1148 | D:2      | Reached XP level 3. HP: 16/16 MP: 4/8
  1154 | D:2      | Learned a level 3 spell: Passwall
  1158 | D:2      | Learned a level 3 spell: Stone Arrow
  1351 | D:2      | Reached skill level 6 in Stealth
  1609 | D:2      | Got Sif Muna's Textbook on Incineration and the Queen Bee
  1671 | D:2      | Found a faded altar of an unknown god.
  1672 | D:2      | Noticed a shining eye
  1675 | D:2      | Noticed an eye of devastation
  1675 | D:2      | Noticed a great orb of eyes
  1675 | D:2      | Noticed a shining eye
  2076 | D:3      | Reached XP level 4. HP: 21/21 MP: 7/9
  2120 | D:3      | Reached skill level 7 in Stealth
  2342 | D:3      | Found a white marble altar of Elyvilon.
  2651 | D:4      | Reached XP level 5. HP: 25/25 MP: 7/10
  2695 | D:4      | Noticed a phantom
  2708 | D:4      | Killed a phantom
  2709 | D:4      | Reached skill level 1 in Fighting
  2790 | D:4      | Reached skill level 1 in Shields
  2798 | D:4      | Learned a level 2 spell: Sublimation of Blood
  2971 | D:4      | Reached XP level 6. HP: 30/30 MP: 9/11
  3157 | D:4      | Noticed Ijyb
  3173 | D:4      | Killed Ijyb
  3637 | D:5      | Entered Level 5 of the Dungeon
  3750 | D:5      | Reached XP level 7. HP: 35/35 MP: 10/12
  3911 | D:5      | Slain by an orc warrior

Illustrated notes

Levels and vault maps discovered:
D:1:      sevenhm_arrival_forest_fort_large_2, layout_basic
D:2:      layout_basic, hellmonk_ecumenical_altar_watching_god,
          minmay_fractal_squares_gapless_5
D:3:      layout_basic, mainiacjoe_overflow_boulevard
D:4:      layout_loops_corners, uniq_ijyb
D:5:      layout_loops_ring, uniq_menkaure

Skill      XL: |  1  2  3  4  5  6 |
---------------+-------------------+-----
Stealth        | 4 5 6 7 |  7.8
Earth Magic    | 3 4 |  4.6
Fighting       | 1 2 |  2.1
Shields        | 1 |  1.8
Dodging        | |  2.6
Spellcasting   | |  2.6
Conjurations   | |  0.6

Action                     |  1- 3 |  4- 6 |  7- 9 || total
---------------------------+-------+-------+-------++-------
   Cast: Sandblast         |    69 |    89 |    10 ||   168
 Armour: Robe              |     5 |    21 |     7 ||    33
  Dodge: Dodged            |     8 |    26 |     7 ||    41
  Block: Buckler           |       |     5 |     1 ||     6

Table legend: (Time is in decaauts)
 A = Elapsed time spent in this place.
 B = Non-inter-level travel time spent in this place.
 C = Inter-level travel time spent in this place.
 D = Time resting spent in this place.
 E = Time spent auto-exploring this place.
 F = Levels seen in this place.
 G = Mean time per level.
                   A        B        C        D        E       F      G
               +--------+--------+--------+--------+--------+-----+--------+
         Total |   2890 |   2800 |     90 |    104 |   2208 |   5 |  578.0 |
       Dungeon |   2890 |   2800 |     90 |    104 |   2208 |   5 |  578.0 |
               +--------+--------+--------+--------+--------+-----+--------+

Top non-repeatable levels by time:
     D:4: 846 daAuts
     D:1: 817 daAuts
     D:2: 665 daAuts
     D:3: 438 daAuts
     D:5: 121 daAuts
